[Event "Titled Tuesday Blitz November 22 Early 2022"]
[White "Al-Tarboush, Ward"]
[Black "Madaminov, Mukhiddin"]
[WhiteFideId "7601450"]
[BlackFideId "14210703"]
[WhiteElo "2575"]
[BlackElo "2866"]
[Result "0-1"]
[Round "03"]
[TimeControl "180+1"]
[Date "2022.11.23"]
[WhiteClock "0:00:02"]
[BlackClock "0:00:57"]

1. e4 e6 2. d4 d5 3. exd5 exd5 4. Bd3 Nc6 5. Nf3 Bd6 6. O-O Nge7 7. c3 O-O 8. Re1 Bf5 9. Bg5 Qd7 10. Bh4 Rfe8 11. Bg3 Na5 12. Bxf5 Nxf5 13. Nbd2 Nxg3 14. hxg3 g6 15. Qc2 Kg7 16. Qd3 a6 17. Rxe8 Rxe8 18. Re1 Rxe1+ 19. Nxe1 Qa4 20. Qb1 Nc4 21. Nxc4 dxc4 22. Kf1 h5 23. Nc2 Qe8 24. Qe1 Qa4 25. Qb1 Qd7 26. Ne3 b5 27. Qe4 a5 28. Qd5 a4 29. a3 Qe8 30. Ke2 f5 31. Qb7 h4 32. Qf3 hxg3 33. fxg3 c5 34. d5 Kf6 35. g4 f4 36. Kf2 Qxe3+ 37. Qxe3 fxe3+ 38. Kxe3 Ke5 39. Kf3 Kxd5 0-1


[Site "https://www.chess.com"]

[Event "Titled Tuesday Blitz November 22 Early 2022"]
[White "Andreikin, Dmitry"]
[Black "Abdyzhapar, Asylbek"]
[WhiteFideId "4158814"]
[BlackFideId "13800337"]
[WhiteElo "2736"]
[BlackElo "2323"]
[Result "1-0"]
[Round "03"]
[TimeControl "180+1"]
[Date "2022.11.22"]
[WhiteClock "0:01:04"]
[BlackClock "0:00:38"]

1. d4 Nf6 2. Nf3 g6 3. b3 Bg7 4. Bb2 O-O 5. e3 d5 6. Nbd2 a5 7. c4 a4 8. Be2 a3 9. Bc3 Ne4 10. Nxe4 dxe4 11. Nd2 f5 12. b4 c6 13. O-O Be6 14. Nb3 Bf7 15. Rc1 Nd7 16. b5 Nb6 17. bxc6 bxc6 18. Bb4 Ra4 19. Qd2 Re8 20. Nc5 Ra7 21. Rfd1 e5 22. d5 cxd5 23. cxd5 f4 24. Ne6 Qd7 25. Nxg7 Kxg7 26. d6 Nd5 27. Bc5 Rb7 28. Bxa3 f3 29. gxf3 exf3 30. Bxf3 e4 31. Bg2 Qg4 32. h3 Qg5 33. Rc5 Re5 34. Bb2 Rxb2 35. Qxb2 Kh6 36. d7 Nxe3 37. fxe3 Rxc5 38. d8=Q Qxe3+ 39. Qf2 Qxf2+ 40. Kxf2 1-0


[Site "https://www.chess.com"]

[Event "Titled Tuesday Blitz November 22 Early 2022"]
[White "Ansh M Shah"]
[Black "Shuvalova, Polina"]
[WhiteFideId "25033379"]
[BlackFideId "24171760"]
[WhiteElo "2084"]
[BlackElo "2342"]
[Result "0-1"]
[Round "03"]
[TimeControl "180+1"]
[Date "2022.11.23"]
[WhiteClock "0:00:02"]
[BlackClock "0:00:42"]

1. d4 Nf6 2. c4 e6 3. g3 d5 4. Bg2 Bb4+ 5. Nd2 O-O 6. Nf3 b6 7. O-O Bb7 8. Ne5 c6 9. a3 Bd6 10. e4 dxc4 11. Nexc4 Be7 12. e5 Ne8 13. Ne4 Na6 14. Be3 Nac7 15. h4 h6 16. h5 Nd5 17. Qg4 Kh8 18. Rad1 Qd7 19. Bc1 Rd8 20. f4 f5 21. exf6 Nexf6 22. Nxf6 Nxf6 23. Qg6 Qe8 24. Ne5 Bd6 25. Be3 Bxe5 26. fxe5 Qxg6 27. hxg6 Nd5 28. Bc1 Ne7 29. Be4 Kg8 30. Bf4 Rd7 31. Be3 Rfd8 32. Rf7 c5 33. Bxb7 Rxb7 0-1


[Site "https://www.chess.com"]

[Event "Titled Tuesday Blitz November 22 Early 2022"]
[White "Arabidze, Meri"]
[Black "Miszler, Levente"]
[WhiteFideId "13604040"]
[BlackFideId "763276"]
[WhiteElo "2403"]
[BlackElo "2176"]
[Result "1-0"]
[Round "03"]
[TimeControl "180+1"]
[Date "2022.11.23"]
[WhiteClock "0:00:09"]
[BlackClock "0:00:03"]

1. Nf3 Nf6 2. b3 c5 3. Bb2 Nc6 4. c4 g6 5. g3 Bg7 6. Bg2 O-O 7. O-O b6 8. Re1 Bb7 9. e4 d6 10. Nc3 e6 11. Rc1 Qc7 12. d4 cxd4 13. Nb5 Qb8 14. Nfxd4 Rd8 15. Nxc6 Bxc6 16. Qe2 Nd7 17. Bxg7 Kxg7 18. Qb2+ Kg8 19. Nd4 Bb7 20. Rcd1 e5 21. Nb5 Nc5 22. Nc3 Ne6 23. Ne2 f5 24. exf5 gxf5 25. Bd5 Bxd5 26. Rxd5 Qc7 27. Red1 Rd7 28. Nc3 a6 29. Qe2 Rf8 30. Qh5 Nd4 31. R5xd4 exd4 32. Nd5 Qc5 33. Qg5+ Rg7 34. Qf4 Rg4 35. Qf3 Rg7 36. Qd3 f4 37. Qxd4 fxg3 38. hxg3 Qxd4 39. Rxd4 Rg5 40. Nxb6 Ra5 41. a4 Re5 42. Rd2 Rf3 43. b4 Rb3 44. Nd5 Re1+ 45. Kg2 Rc1 46. b5 axb5 47. cxb5 Ra1 48. Rd4 Ra2 49. b6 Rbb2 50. Rf4 Kg7 51. g4 h6 52. Kg3 Ra3+ 53. f3 Rd3 54. Rf5 Rd4 55. a5 Ra4 56. Nc7 Ra3 57. Ne8+ Kg8 58. Nxd6 Rd2 59. Ne4 Rdd3 60. Nf6+ Kg7 61. Nh5+ Kh7 62. b7 Rdb3 63. Rf7+ Kg6 64. Rg7# 1-0


[Site "https://www.chess.com"]

[Event "Titled Tuesday Blitz November 22 Early 2022"]
[White "Aradhya, Garg"]
[Black "Keymer, Vincent"]
[WhiteFideId "25006746"]
[BlackFideId "12940690"]
[WhiteElo "2223"]
[BlackElo "2600"]
[Result "0-1"]
[Round "03"]
[TimeControl "180+1"]
[Date "2022.11.22"]
[WhiteClock "0:00:06"]
[BlackClock "0:00:15"]

1. d4 Nf6 2. c4 e6 3. Nc3 Bb4 4. e3 O-O 5. Bd2 b6 6. Nf3 c5 7. a3 Bxc3 8. Bxc3 Ne4 9. Rc1 Bb7 10. Be2 d6 11. O-O Nxc3 12. Rxc3 Qe7 13. dxc5 bxc5 14. Rd3 Rd8 15. Qd2 Be4 16. Rc3 a5 17. Rd1 Nc6 18. Ne1 h6 19. Bf3 Bxf3 20. Nxf3 a4 21. Rd3 Na5 22. Rxd6 Rxd6 23. Qxd6 Qxd6 24. Rxd6 Nxc4 25. Rc6 Rd8 26. g4 Rd5 27. e4 Rd1+ 28. Kg2 Nxb2 29. Rxc5 Nd3 30. Rc8+ Kh7 31. Kg3 Ra1 32. Rc3 Nc1 33. Nd4 Nb3 34. Nc2 Rc1 35. Rc6 Na1 36. Nd4 Rxc6 37. Nxc6 Nc2 38. Kf4 Nxa3 39. Nb4 Nc4 40. h4 a3 41. Na2 Kg6 42. e5 h5 43. g5 Nb6 44. Ke4 Nd5 45. Kd4 Ne7 46. Kc4 Nf5 47. Kb3 Nxh4 48. Kxa3 Nf3 49. Nb4 h4 50. Nd3 Kxg5 51. Kb3 h3 52. Kc3 h2 0-1


[Site "https://www.chess.com"]

[Event "Titled Tuesday Blitz November 22 Early 2022"]
[White "Arbunic Castro, Giovanna"]
[Black "Zanette, Edgard Vinicius"]
[WhiteFideId "3400549"]
[BlackFideId "2109263"]
[WhiteElo "1953"]
[BlackElo "2211"]
[Result "0-1"]
[Round "03"]
[TimeControl "180+1"]
[Date "2022.11.23"]
[WhiteClock "0:00:58"]
[BlackClock "0:01:17"]

1. e4 c5 2. g3 Nc6 3. Bg2 g6 4. Ne2 Bg7 5. c3 e6 6. O-O Nge7 7. d4 cxd4 8. cxd4 d5 9. e5 O-O 10. Nbc3 a6 11. g4 f6 12. f4 fxe5 13. fxe5 Rxf1+ 14. Qxf1 b5 15. Be3 Bd7 16. Qf2 Qb6 17. Rf1 Rf8 18. Qh4 Rxf1+ 19. Kxf1 Bxe5 20. dxe5 Qxe3 21. Qf6 Qxe5 22. g5 Qxf6+ 23. gxf6 Nf5 24. Nxd5 exd5 25. Bxd5+ Kf8 26. Nf4 Ne3+ 27. Ke2 Nxd5 28. Nxd5 Kf7 29. Nc7 Bc8 0-1


[Site "https://www.chess.com"]

[Event "Titled Tuesday Blitz November 22 Early 2022"]
[White "Artemenko, Oleg"]
[Black "Alekseenko, Kirill"]
[WhiteFideId "14201798"]
[BlackFideId "4135539"]
[WhiteElo "2287"]
[BlackElo "2682"]
[Result "0-1"]
[Round "03"]
[TimeControl "180+1"]
[Date "2022.11.22"]
[WhiteClock "0:00:11"]
[BlackClock "0:00:03"]

1. d4 d5 2. Nc3 Nf6 3. Bf4 e6 4. Nb5 Na6 5. e3 Be7 6. Nf3 Nh5 7. Be5 f6 8. Bg3 O-O 9. Bd3 g6 10. c3 c6 11. Na3 Bd7 12. Nc2 c5 13. Nh4 Qe8 14. O-O Nxg3 15. hxg3 Nb8 16. f4 Nc6 17. Nf3 a6 18. a4 c4 19. Be2 Na5 20. e4 dxe4 21. Nd2 b5 22. axb5 axb5 23. Nxe4 Nb3 24. Rxa8 Qxa8 25. Bf3 Bc6 26. Re1 Rd8 27. Qe2 Bd5 28. Nb4 Qb7 29. f5 gxf5 30. Nxd5 exd5 31. Nd2 Nxd2 32. Qxd2 Bd6 33. Qh6 Qg7 34. Bxd5+ Kh8 35. Qh5 Rf8 36. Re8 Bxg3 37. Rxf8+ Qxf8 38. Qxf5 Bd6 39. Be4 Qe7 40. Kf2 b4 41. Kf3 bxc3 42. bxc3 Bc7 43. Bd5 Qd6 44. Qc8+ Kg7 45. Qg8+ Kh6 46. g3 Qa3 47. Kg4 Bd6 0-1


[Site "https://www.chess.com"]

[Event "Titled Tuesday Blitz November 22 Early 2022"]
[White "Avazkhonov, Alikhon"]
[Black "Nanditha, V"]
[WhiteFideId "14208504"]
[BlackFideId "46626697"]
[WhiteElo "1739"]
[BlackElo "1564"]
[Result "1-0"]
[Round "03"]
[TimeControl "180+1"]
[Date "2022.11.23"]
[WhiteClock "0:00:06"]
[BlackClock "0:00:18"]

1. d4 d5 2. c4 e6 3. Nc3 c6 4. e4 dxe4 5. Nxe4 Nf6 6. Nxf6+ Qxf6 7. Nf3 Bb4+ 8. Bd2 a5 9. Bd3 Bxd2+ 10. Qxd2 O-O 11. O-O-O b5 12. Ng5 g6 13. h4 Qxd4 14. Nxh7 bxc4 15. Qh6 cxd3 16. Qxf8+ Kxh7 17. Qxc8 Qc5+ 18. Kb1 Qc2+ 19. Ka1 a4 20. Qb7 a3 21. Rb1 Ra4 22. Qxf7+ Kh8 23. Qf8+ Kh7 24. Qxb8 d2 25. Qb7+ Kh6 26. Qb3 axb2+ 27. Rxb2 Qe4 28. Qe3+ Qxe3 29. fxe3 Re4 30. Rxd2 Kh5 31. Rhd1 Kg4 32. Rd4 Rxd4 33. Rxd4+ Kg3 34. Rd6 Kxg2 35. Rxe6 Kf3 36. Rxg6 Kxe3 37. h5 c5 38. h6 c4 39. h7 c3 40. h8=Q c2 41. Qc3+ Ke2 42. Re6+ Kd1 43. Re1# 1-0


[Site "https://www.chess.com"]

[Event "Titled Tuesday Blitz November 22 Early 2022"]
[White "Averjanov, Alexey"]
[Black "Vasques, Antonio Pedro Freixial"]
[WhiteFideId "14109867"]
[BlackFideId "1908332"]
[WhiteElo "2610"]
[BlackElo "2243"]
[Result "1-0"]
[Round "03"]
[TimeControl "180+1"]
[Date "2022.11.23"]
[WhiteClock "0:00:46"]
[BlackClock "0:00:19"]

1. d4 Nf6 2. c4 e6 3. Nf3 Bb4+ 4. Nbd2 O-O 5. g3 d5 6. Qc2 Nbd7 7. Bg2 dxc4 8. Qxc4 Be7 9. O-O c5 10. b3 b6 11. Bb2 Bb7 12. Rfd1 Rc8 13. Rac1 cxd4 14. Qxd4 Rxc1 15. Rxc1 Nc5 16. Nc4 Qxd4 17. Nxd4 Bxg2 18. Kxg2 Rc8 19. Ne5 a5 20. Nb5 Nd5 21. Nc4 Rb8 22. Bd4 Nb4 23. Nxb6 Rxb6 24. Bxc5 Rc6 25. Bxb4 Rxc1 26. Bxe7 Rc2 27. a4 Rxe2 28. Bd8 Rb2 29. Bxa5 Rxb3 30. Be1 f6 31. Nd4 e5 32. Nxb3 1-0


[Site "https://www.chess.com"]

[Event "Titled Tuesday Blitz November 22 Early 2022"]
[White "Babazada, Khazar"]
[Black "Ronka, Erik"]
[WhiteFideId "13413554"]
[BlackFideId "505080"]
[WhiteElo "2359"]
[BlackElo "2264"]
[Result "1-0"]
[Round "03"]
[TimeControl "180+1"]
[Date "2022.11.23"]
[WhiteClock "0:01:19"]
[BlackClock "0:00:03"]

1. c4 c6 2. d4 d5 3. Nf3 Nf6 4. e3 e6 5. Nc3 Nbd7 6. Bd3 dxc4 7. Bxc4 b5 8. Bd3 Bb7 9. O-O a6 10. Qc2 c5 11. Rd1 Qb6 12. Be2 Rc8 13. dxc5 Bxc5 14. a3 O-O 15. b4 Be7 16. Bb2 Rfd8 17. Rac1 h6 18. Qb1 Nd5 19. Qa1 Nxc3 20. Bxc3 Bf6 21. Bxf6 Nxf6 22. Rxc8 Bxc8 23. Rxd8+ Qxd8 24. Nd4 Bb7 25. Qc1 Qd6 26. Bf3 Bxf3 27. gxf3 Qe5 28. Qc6 Qg5+ 29. Kf1 e5 30. Ne2 Qf5 31. Ng3 Qb1+ 32. Kg2 h5 33. h4 Qb2 34. Qxa6 Kh7 35. Qxb5 Qxa3 36. Qxe5 Qxb4 37. Nxh5 Qxh4 38. Nxf6+ gxf6 39. Qh2 Qh6 40. Qxh6+ Kxh6 41. Kg3 Kg5 42. e4 Kh5 43. f4 Kg6 44. Kg4 Kh6 45. Kf5 Kg7 46. e5 fxe5 47. fxe5 Kg8 48. f4 Kg7 49. Kg5 Kg8 50. Kf6 Kf8 51. f5 Ke8 52. Kg7 Ke7 53. e6 fxe6 54. f6+ Kd6 55. f7 Kd5 56. f8=Q e5 57. Qf1 Kd4 58. Qe1 e4 59. Kf6 1-0


[Site "https://www.chess.com"]

[Event "Titled Tuesday Blitz November 22 Early 2022"]
[White "Baches Garcia, Guillermo"]
[Black "Stefanova, Antoaneta"]
[WhiteFideId "2209764"]
[BlackFideId "2902257"]
[WhiteElo "2442"]
[BlackElo "2426"]
[Result "1-0"]
[Round "03"]
[TimeControl "180+1"]
[Date "2022.11.23"]
[WhiteClock "0:00:12"]
[BlackClock "0:00:06"]

1. e4 e5 2. Nf3 Nc6 3. Bc4 Nf6 4. Ng5 d5 5. exd5 Na5 6. Bb5+ c6 7. dxc6 bxc6 8. Qf3 Bb7 9. Bd3 c5 10. Bb5+ Ke7 11. Qe2 Qd5 12. Nc3 Qd6 13. f4 e4 14. d3 h6 15. Ngxe4 Nxe4 16. Nxe4 Qe6 17. Be3 Bxe4 18. dxe4 f6 19. Bxc5+ Kf7 20. Bxf8 Kxf8 21. O-O Kf7 22. e5 Rhb8 23. Bd3 Rxb2 24. Qh5+ Kg8 25. exf6 Nc6 26. fxg7 Kxg7 27. Rae1 Qf6 28. Qg4+ Kh8 29. Re6 Qd4+ 30. Kh1 Qg7 31. Rg6 Qf8 32. Rxc6 Rd8 33. Qh5 Rd6 34. Rxd6 Qxd6 35. Qg6 Qxg6 36. Bxg6 Rxa2 37. Bd3 Ra5 38. f5 Kg7 39. f6+ Kf8 40. Bc4 Rc5 41. Bb3 a5 42. f7 Rc7 43. h3 Ra7 44. Re1 Ra8 45. Re8+ Rxe8 46. fxe8=Q+ Kxe8 47. Kh2 Ke7 48. Kg3 Kd6 49. Kh4 Kc5 50. Kh5 Kb4 51. Bf7 a4 52. Kxh6 Kc3 53. Kg7 Kxc2 54. h4 Kb2 55. h5 1-0


[Site "https://www.chess.com"]

[Event "Titled Tuesday Blitz November 22 Early 2022"]
[White "Bacrot, Etienne"]
[Black "Sellitti, Federico"]
[WhiteFideId "605506"]
[BlackFideId "821829"]
[WhiteElo "2666"]
[BlackElo "2599"]
[Result "1-0"]
[Round "03"]
[TimeControl "180+1"]
[Date "2022.11.22"]
[WhiteClock "0:00:09"]
[BlackClock "0:00:13"]

1. e4 c5 2. Nf3 Nf6 3. e5 Nd5 4. Nc3 Nxc3 5. dxc3 Nc6 6. Bf4 e6 7. Qd2 Qc7 8. Rd1 b6 9. Bd3 Bb7 10. O-O h6 11. Be4 O-O-O 12. h4 Be7 13. h5 g6 14. hxg6 fxg6 15. Bxg6 Rdg8 16. Bh5 Bg5 17. Rfe1 Bxf4 18. Qxf4 Ne7 19. c4 Rf8 20. Qh4 Nf5 21. Qh3 Rhg8 22. c3 Ng7 23. Rd3 Qc6 24. Bg6 Nf5 25. Bxf5 Rxf5 26. Kf1 Qa4 27. b3 Qxa2 28. Qxh6 Qxb3 29. Qh7 Rd8 30. Qh4 Rdf8 31. Red1 Qxc4 32. Qxc4 1-0


[Site "https://www.chess.com"]

[Event "Titled Tuesday Blitz November 22 Early 2022"]
[White "Balabayeva, Xeniya"]
[Black "Hristodoulou, Panagiotis"]
[WhiteFideId "13719688"]
[BlackFideId "4214340"]
[WhiteElo "2041"]
[BlackElo "2272"]
[Result "1-0"]
[Round "03"]
[TimeControl "180+1"]
[Date "2022.11.23"]
[WhiteClock "0:00:01"]
[BlackClock "0:00:01"]

1. d4 d5 2. c4 e6 3. Nc3 h6 4. Nf3 Nf6 5. e3 a6 6. cxd5 exd5 7. Bd3 Bd6 8. Qc2 O-O 9. O-O Nc6 10. Bf5 Bxf5 11. Qxf5 Re8 12. Bd2 Ne7 13. Qd3 c6 14. a3 Nc8 15. Rfc1 Ne4 16. h3 Bc7 17. Qe2 Nxc3 18. Rxc3 Nd6 19. Rac1 Ne4 20. R3c2 Qd6 21. b4 Ng5 22. Kf1 Re6 23. Nxg5 hxg5 24. g3 Rae8 25. Kg2 Qd7 26. Qg4 f6 27. a4 Bb8 28. b5 axb5 29. axb5 cxb5 30. Rc5 b6 31. R5c2 Qf7 32. Rc6 Re4 33. Qf5 R8e6 34. Rxe6 Qxe6 35. Rc8+ 1-0


[Site "https://www.chess.com"]

[Event "Titled Tuesday Blitz November 22 Early 2022"]
[White "Barp, Alberto"]
[Black "Bon, Michael"]
[WhiteFideId "872555"]
[BlackFideId "620696"]
[WhiteElo "2313"]
[BlackElo "2332"]
[Result "1-0"]
[Round "03"]
[TimeControl "180+1"]
[Date "2022.11.23"]
[WhiteClock "0:01:03"]
[BlackClock "0:00:06"]

1. d4 d5 2. Nf3 Nf6 3. Bf4 c5 4. e3 Nc6 5. Nbd2 Nh5 6. dxc5 Nxf4 7. exf4 Qa5 8. Bd3 g6 9. c3 Qxc5 10. O-O Bg7 11. Re1 O-O 12. Nb3 Qd6 13. Qd2 Bg4 14. Nbd4 Bxf3 15. Nxf3 d4 16. c4 e6 17. h4 h5 18. g3 Rac8 19. Rad1 Rfd8 20. a3 a5 21. Ng5 b6 22. Qe2 Nb8 23. Qe4 Qc7 24. Nxe6 fxe6 25. Qxg6 Qf7 26. Qh7+ Kf8 27. Bg6 Qf6 28. Qxh5 Nc6 29. Rd3 Ne7 30. Bh7 Rxc4 31. Qg4 Rd6 32. h5 Nf5 33. Bg6 Rc8 34. Re5 Nh6 35. Qe2 Nf5 36. Qe4 Qe7 37. Rxf5+ exf5 38. Qxf5+ Kg8 39. Qxc8+ Rd8 40. Qc4+ Kh8 41. Rd1 Qf6 42. Qd3 Qd6 43. Re1 Rf8 44. f5 Qf6 45. Re6 Bh6 46. Rxf6 Rxf6 47. Qe4 1-0


[Site "https://www.chess.com"]

[Event "Titled Tuesday Blitz November 22 Early 2022"]
[White "Bashirli, Saadat"]
[Black "Manelyuk, Daniil"]
[WhiteFideId "13429990"]
[BlackFideId "44173920"]
[WhiteElo "1408"]
[BlackElo "2209"]
[Result "1-0"]
[Round "03"]
[TimeControl "180+1"]
[Date "2022.11.23"]
[WhiteClock "0:00:07"]
[BlackClock "0:00:06"]

1. d4 Nf6 2. c4 c5 3. d5 b5 4. cxb5 a6 5. bxa6 g6 6. Nc3 Bg7 7. e4 O-O 8. Be2 Qa5 9. Bd2 Bxa6 10. Nf3 Bxe2 11. Qxe2 Qa6 12. Qxa6 Nxa6 13. O-O Rfb8 14. Rab1 Nb4 15. a4 d6 16. b3 Rb7 17. Rfe1 Nd7 18. Nb5 Na6 19. Rec1 Nc7 20. Na3 Rab8 21. b4 cxb4 22. Bxb4 Rxb4 23. Rxb4 Rxb4 24. Rxc7 Nc5 25. Rc8+ Bf8 26. a5 Rxe4 27. g3 Ra4 28. Nc2 Rxa5 29. Ncd4 Kg7 30. Nc6 Ra1+ 31. Kg2 Rd1 32. Rc7 Kf6 33. Rc8 Bh6 34. Re8 e6 35. dxe6 Nxe6 36. Rh8 Kg7 37. Ra8 d5 38. Ra7 d4 39. Nfe5 Kg8 40. Rxf7 Bf8 41. Rf6 Ng7 42. Nd7 Bd6 43. Rxd6 Ne8 44. Re6 Nc7 45. Re4 d3 46. Rd4 Ne6 47. Rd6 d2 48. Nde5 Nc5 49. Nb4 Ne4 50. Rd4 Re1 51. Rd8+ Kg7 52. Rd7+ Kf6 53. Ng4+ Kg5 54. Ne3 Re2 55. Rd5+ Kh6 56. Kf3 Nc3 57. Rd4 Rxe3+ 58. Kxe3 d1=Q 59. Rxd1 Nxd1+ 60. Kf3 Nc3 61. Nd3 Nb5 62. Kg4 Nd6 63. Ne5 Kg7 64. Kf4 Nf5 65. g4 Ne7 66. Nd7 Nd5+ 67. Ke5 Ne7 68. f4 h6 69. Nc5 Nc6+ 70. Kd6 Nd8 71. Ke7 Nc6+ 72. Kd7 Nd4 73. Ne6+ Nxe6 74. Kxe6 h5 75. gxh5 gxh5 76. f5 h4 77. Ke7 Kg8 78. f6 Kh7 79. f7 h3 80. f8=Q Kg6 81. Qf6+ Kh7 82. Qg5 Kh8 83. Kf7 Kh7 84. Qg7# 1-0


[Site "https://www.chess.com"]

[Event "Titled Tuesday Blitz November 22 Early 2022"]
[White "Baskakov, Egor"]
[Black "Caruana, Fabiano"]
[WhiteFideId "24197866"]
[BlackFideId "2020009"]
[WhiteElo "2211"]
[BlackElo "2847"]
[Result "1-0"]
[Round "03"]
[TimeControl "180+1"]
[Date "2022.11.22"]
[WhiteClock "0:00:06"]
[BlackClock "0:00:01"]

1. e4 e5 2. Nc3 Nc6 3. g3 Bc5 4. Bg2 d6 5. h3 Nge7 6. Nge2 a6 7. d3 Be6 8. Nd5 Qd7 9. c3 Ba7 10. d4 O-O 11. Nxe7+ Qxe7 12. d5 Bd7 13. dxc6 Bxc6 14. O-O b5 15. Kh2 a5 16. f4 a4 17. a3 f6 18. g4 Rab8 19. Ng3 g6 20. f5 g5 21. Qe2 Be8 22. Be3 Bxe3 23. Qxe3 Bf7 24. Rfd1 Rfd8 25. Rd2 c6 26. Rad1 Bb3 27. Re1 Rd7 28. Ne2 Bf7 29. Nc1 h5 30. gxh5 Bxh5 31. Bf3 Bf7 32. Nd3 d5 33. Nb4 d4 34. Qf2 Qd6 35. cxd4 exd4+ 36. Qg3 c5 37. Nc6 Qxg3+ 38. Kxg3 Rb6 39. e5 Rc7 40. Nd8 Bb3 41. exf6 Rxf6 42. Re8+ Rf8 43. Rxf8+ Kxf8 44. Ne6+ Bxe6 45. fxe6 Ke7 46. Bg4 Kd6 47. Kf3 Rc8 48. Re2 Rf8+ 49. Kg3 Re8 50. Rf2 c4 51. Rf7 c3 52. bxc3 dxc3 53. Rf3 Rc8 54. e7 Re8 55. Rd3+ Kxe7 56. Rxc3 Kd6 57. Kf2 Re4 58. Be2 b4 59. axb4 Rxb4 60. Rg3 Rf4+ 61. Ke3 Rf5 62. Bd3 Ra5 63. Bc4 Ke7 64. Kd4 Kf6 65. Ra3 Kf5 66. Be2 Kf4 67. Bd1 Kf5 68. Bxa4 Kf4 69. Kc4 Ra7 70. Kb4 g4 71. hxg4 Rb7+ 72. Kc5 Kxg4 73. Bc6 Rg7 74. Kd4 Kh4 75. Be4 Rg4 76. Ke5 Rg5+ 77. Bf5 Rg1 78. Rh3+ Kg5 79. Rh8 Re1+ 80. Be4 Ra1 81. Rg8+ Kh6 82. Rg2 Ra5+ 83. Kf4 Ra4 84. Rg6+ Kh5 85. Rb6 Ra7 86. Rd6 Rf7+ 87. Bf5 Rf8 88. Ke5 Kh4 89. Rg6 Ra8 90. Kf4 Ra4+ 91. Be4 Ra5 92. Rh6+ Rh5 93. Rg6 Ra5 94. Rg4+ Kh3 95. Rg1 Ra2 96. Bf3 1-0


[Site "https://www.chess.com"]

[Event "Titled Tuesday Blitz November 22 Early 2022"]
[White "Begmuratov, Khumoyun"]
[Black "Gonzalez, Francisco Silva"]
[WhiteFideId "14210207"]
[BlackFideId "1512285"]
[WhiteElo "2267"]
[BlackElo "2159"]
[Result "1-0"]
[Round "03"]
[TimeControl "180+1"]
[Date "2022.11.23"]
[WhiteClock "0:01:38"]
[BlackClock "0:01:52"]

1. e4 e5 2. Nf3 Nc6 3. Nc3 Nf6 4. d4 Bb4 5. Nxe5 Qe7 6. Qd3 Nxe5 7. dxe5 Qxe5 8. Bd2 Bxc3 9. Bxc3 Qxe4+ 10. Qxe4+ Nxe4 11. Bxg7 Rg8 12. Bd4 d5 13. f3 Nd6 14. g4 h5 15. gxh5 Bf5 16. c3 Kd7 17. Kf2 Rg5 18. h6 Rh5 19. Bg7 Ne8 20. Rd1 c6 21. c4 Be6 22. cxd5 Nxg7 23. dxe6+ Kxe6 24. hxg7 Rg8 25. Bc4+ Kf6 26. Rd6+ Ke7 27. Rd4 Rxg7 28. Re1+ Kf6 29. Rd6+ Kg5 30. Re5+ Kf4 31. Rxh5 Rg2+ 32. Kxg2 Ke3 33. Re5+ 1-0


[Site "https://www.chess.com"]

[Event "Titled Tuesday Blitz November 22 Early 2022"]
[White "Bilan, Danila"]
[Black "Izuzquiza Gonzalez, Javier"]
[WhiteFideId "24161918"]
[BlackFideId "3101029"]
[WhiteElo "2173"]
[BlackElo "2034"]
[Result "1/2-1/2"]
[Round "03"]
[TimeControl "180+1"]
[Date "2022.11.23"]
[WhiteClock "0:00:26"]
[BlackClock "0:00:14"]

1. d4 Nf6 2. Nf3 g6 3. Bg5 Bg7 4. c3 d5 5. Nbd2 O-O 6. e3 c5 7. Bd3 Nc6 8. O-O b6 9. dxc5 bxc5 10. e4 d4 11. Nb3 dxc3 12. bxc3 c4 13. Bxc4 Nxe4 14. Qxd8 Rxd8 15. Nbd4 Nxd4 16. cxd4 Nxg5 17. Nxg5 e6 18. Rad1 Bxd4 19. Nf3 Bf6 20. Rxd8+ Bxd8 21. Rd1 Bb7 22. Rd7 Bxf3 23. gxf3 Bb6 24. Ba6 Rd8 25. Rxd8+ Bxd8 26. Kf1 Bc7 27. h3 Kg7 28. Ke2 f6 29. Bc4 e5 30. Kd3 Bb6 31. f4 exf4 32. f3 Kf8 33. Ke4 g5 34. Kf5 Ke7 35. Bg8 Bf2 36. Bxh7 Bd4 37. Bg8 Be5 38. Kg4 Kd6 39. h4 gxh4 40. Kxh4 Kc5 41. Kg4 Kb4 42. Kf5 a5 43. Ke4 a4 44. Bf7 a3 45. Be6 Kc3 46. Bb3 Kb2 47. Bg8 Kc3 48. Bb3 Kb2 49. Bg8 Kc3 50. Bb3 1/2-1/2


[Site "https://www.chess.com"]

[Event "Titled Tuesday Blitz November 22 Early 2022"]
[White "Bilych, Olexiy"]
[Black "Odegov, Artem"]
[WhiteFideId "14156504"]
[BlackFideId "34183644"]
[WhiteElo "2320"]
[BlackElo "2298"]
[Result "1-0"]
[Round "03"]
[TimeControl "180+1"]
[Date "2022.11.23"]
[WhiteClock "0:00:19"]
[BlackClock "0:00:03"]

1. e4 e6 2. d4 d5 3. Nd2 Nf6 4. e5 Nfd7 5. Ngf3 c5 6. c3 Nc6 7. Bd3 cxd4 8. cxd4 Qb6 9. O-O Nxd4 10. Nxd4 Qxd4 11. Nf3 Qb6 12. Qa4 Qb4 13. Qc2 g6 14. Bd2 Qb6 15. Rac1 Qd8 16. Bg5 Be7 17. Bxe7 Kxe7 18. Qd2 h5 19. Qb4+ Ke8 20. h4 Qe7 21. Qf4 Nc5 22. Bb5+ Bd7 23. Bxd7+ Kxd7 24. Qb4 b6 25. Qb5+ Kd8 26. Nd4 Qd7 27. Qe2 Ke7 28. b4 Ne4 29. Qf3 Kf8 30. Rc7 Qxc7 31. Nxe6+ Ke7 32. Nxc7 Nd2 33. Qf6+ Kd7 34. Qd6+ Kc8 35. Nxd5 Kb7 36. Qd7+ Ka6 37. Rc1 Rhc8 38. Rxc8 Ne4 39. Qa4+ Kb7 40. Rc7+ Kb8 41. Qe8# 1-0


[Site "https://www.chess.com"]

[Event "Titled Tuesday Blitz November 22 Early 2022"]
[White "Bobomurodova, Maftuna"]
[Black "Lucas, Arthur"]
[WhiteFideId "14207400"]
[BlackFideId "26093073"]
[WhiteElo "1891"]
[BlackElo "2251"]
[Result "0-1"]
[Round "03"]
[TimeControl "180+1"]
[Date "2022.11.23"]
[WhiteClock "0:01:53"]
[BlackClock "0:02:35"]

1. e4 g6 2. d4 Bg7 3. Nc3 a6 4. a4 d6 5. Nf3 Nc6 6. h3 Nf6 7. Be2 O-O 8. O-O e5 9. Be3 Qe8 10. d5 Nd8 11. b4 Nh5 12. Nd2 f5 13. Bxh5 gxh5 14. f3 Qg6 15. Qe1 f4 16. Bf2 Bxh3 17. g3 fxg3 18. Bxg3 h4 0-1


[Site "https://www.chess.com"]

[Event "Titled Tuesday Blitz November 22 Early 2022"]
[White "Boros, Denes"]
[Black "Crevatin, Leo"]
[WhiteFideId "722340"]
[BlackFideId "1726307"]
[WhiteElo "2464"]
[BlackElo "2208"]
[Result "1-0"]
[Round "03"]
[TimeControl "180+1"]
[Date "2022.11.23"]
[WhiteClock "0:01:00"]
[BlackClock "0:00:12"]

1. d4 Nf6 2. Nc3 d5 3. Bf4 c5 4. Nf3 a6 5. dxc5 e6 6. e4 Bxc5 7. Bd3 Nc6 8. O-O Nb4 9. exd5 Nfxd5 10. Bg5 Qc7 11. Nxd5 Nxd5 12. Re1 O-O 13. a3 b5 14. Rc1 Bb7 15. c4 bxc4 16. Rxc4 Qb6 17. Qc2 h6 18. Rxc5 hxg5 19. Nxg5 Rfc8 20. b4 a5 21. Bg6 fxg6 22. Qxg6 Nf6 23. Nxe6 Ne8 24. Rf5 1-0


[Site "https://www.chess.com"]

[Event "Titled Tuesday Blitz November 22 Early 2022"]
[White "Boruchovsky, Avital"]
[Black "Deac, Bogdan-Daniel"]
[WhiteFideId "2800055"]
[BlackFideId "1226380"]
[WhiteElo "2458"]
[BlackElo "2648"]
[Result "0-1"]
[Round "03"]
[TimeControl "180+1"]
[Date "2022.11.22"]
[WhiteClock "0:00:27"]
[BlackClock "0:00:16"]

1. d4 Nf6 2. Bf4 d5 3. e3 c5 4. Nc3 cxd4 5. exd4 a6 6. Nf3 Nc6 7. h3 Bf5 8. Bd3 Bxd3 9. Qxd3 e6 10. O-O Be7 11. Ne2 Qb6 12. c3 O-O 13. Ng3 Rac8 14. Rab1 Qd8 15. Ne5 Nxe5 16. Bxe5 Nd7 17. Bf4 b5 18. a4 bxa4 19. Qxa6 Ra8 20. Qd3 Nb6 21. b3 axb3 22. Rxb3 Nc4 23. Rfb1 Bd6 24. Nh5 g6 25. Bxd6 Nxd6 26. Nf4 Qg5 27. g3 Nc4 28. h4 Qf6 29. Qe2 Qf5 30. Nd3 h5 31. Ne5 Nxe5 32. dxe5 Rac8 33. Qe3 Rc4 34. Rb8 Kg7 35. Rxf8 Qxb1+ 0-1


[Site "https://www.chess.com"]